 Dungeon Crawl Stone Soup version 0.19-a0-1438-g932844a (webtiles) character file.

51 Arkorax the Cudgeler (level 4, 0/34 HPs)
             Began as a Human Wanderer on Sept 5, 2016.
             Succumbed to an adder's poison
             ... on level 2 of the Dungeon.
             The game lasted 00:01:13 (1071 turns).

Arkorax the Cudgeler (Human Wanderer)               Turns: 1071, Time: 00:01:14

Health: 0/34       AC: 11    Str: 13    XL:     4   Next: 5%
Magic:  4/4        EV: 10    Int: 11    God:
Gold:   53         SH:  0    Dex: 14    Spells: 0 memorised, 3 levels left

rFire  . . .     SeeInvis .     m - +0 flail (protect)
rCold  . . .     Gourm    .     b - +0 ring mail
rNeg   . . .     Faith    .     (no shield)
rPois  .         Spirit   .     j - +0 helmet (curse)
rElec  .         Dismiss  .     (no cloak)
rCorr  .         Reflect  .     (no gloves)
MR     .....     Harm     .     (no boots)
Stlth  +.........               (no amulet)
                                (no ring)
                                (no ring)

@: lethally poisoned (0 -> -1)
A: no striking features
a: no special abilities


You were on level 2 of the Dungeon.
You were not hungry.

You visited 1 branch of the dungeon, and saw 2 of its levels.

You collected 53 gold pieces.

Inventory:

Hand Weapons
 a - a +2 mace
 d - a +0 blowgun
 m - a +0 flail of protection (weapon)
   (You took it off a gnoll on level 1 of the Dungeon)
Missiles
 c - 20 poisoned needles
 h - 7 tomahawks (quivered)
Armour
 b - a +0 ring mail (worn)
 j - a cursed +0 helmet (worn)
Scrolls
 i - a scroll of magic mapping {unknown}
 k - a scroll of fog {unknown}
 l - a scroll of immolation {unknown}
Potions
 e - a potion of magic {unknown}
 g - a potion of might {unknown}
 p - a potion of haste {unknown}
Comestibles
 f - 3 bread rations {!e}
 n - a meat ration {!e}
 o - 3 chunks of flesh


   Skills:
 + Level 2.6 Fighting
 + Level 3.5 Maces & Flails
   Level 1.0 Bows
 - Level 1.0 Throwing
 + Level 3.0 Armour
   Level 1.0 Shields


You had 3 spell levels left.
You didn't know any spells.

Dungeon Overview and Level Annotations

Branches:
Dungeon (2/15)

Altars:


Message History

The adder barely misses you.
You barely miss the adder.
The adder is severely wounded.
The adder bites you but does no damage. The adder bites you.
* * * LOW HITPOINT WARNING * * *
Your ring mail prevents you from hitting the adder.
The adder is severely wounded.
The adder bites you.
* * * LOW HITPOINT WARNING * * *
You are more poisoned.
The adder poisons you! The adder misses you.
The adder bites you but does no damage. x2
You hit the adder.
The adder is severely wounded.
You feel sick. The adder completely misses you.
The adder bites you but does no damage. x2
Unknown command.
Damage: 6 (max 8)
The adder closely misses you.
You feel sick.
Damage: 1 (max 8)
You closely miss the adder.
You feel sick.
The adder bites you but does no damage. x2
Damage: 1 (max 8)
Your ring mail prevents you from hitting the adder.
The adder bites you but does no damage.
You closely miss the adder. The adder closely misses you.
The adder completely misses you.
You completely miss the adder. The adder bites you but does no damage.
You closely miss the adder.
You feel sick.
The adder bites you but does no damage. x2
You miss the adder. The adder barely misses you.
The adder bites you but does no damage.
You miss the adder. The adder bites you.
* * * LOW HITPOINT WARNING * * *
You hit the adder.
The adder is lightly wounded.
You feel sick. The adder bites you but does no damage. The adder bites you.
* * * LOW HITPOINT WARNING * * *
You miss the adder.
The adder is lightly wounded.
The adder bites you.
* * * LOW HITPOINT WARNING * * *
The adder closely misses you.
You closely miss the adder.
The adder is lightly wounded.
The adder closely misses you.
You closely miss the adder.
The adder is lightly wounded.
You die...

##########.#######.#.#
#..............###.#.#######.
#.#####................<.....
<.# #.#............#######.
### #.#..###.###...........
#.#..# #.###...####.###
#.#..# #.........(#.#
#.#..#######...##)#.##
#.#.......@SS..#.))..#
#.#....#####r.#......#
#....#####..#.......#
......g....#....<..#
.......##..#......... .......
....#......### .......
#>.###.....# #...### #.##
##.#..# #... ##. .. ..#


You could see 2 adders and a rat.

Vanquished Creatures
  A gnoll (D:1)
  An adder (D:2)
  A dart slug (D:1)
  A giant gecko (D:1)
  3 bats (D:1)
  A giant cockroach (D:1)
  4 goblins
  5 hobgoblins
  A ball python (D:1)
  4 giant newts (D:1)
  6 kobolds
28 creatures vanquished.

Notes
Turn   | Place    | Note
-------+----------+-------------------------------------------
     0 | D:1      | Arkorax the Human Wanderer began the quest for the Orb.
     0 | D:1      | Arkorax set off with: a +2 mace, a +0 ring mail, 8 poisoned needles, a +0 blowgun, a bread ration {!e}
     0 | D:1      | Reached XP level 1. HP: 16/16 MP: 1/1
   141 | D:1      | Reached XP level 2. HP: 22/22 MP: 2/2
   329 | D:1      | Reached XP level 3. HP: 27/28 MP: 3/3
  1002 | D:2      | Reached XP level 4. HP: 26/34 MP: 4/4
  1009 | D:2      | Reached skill level 3 in Armour
  1061 | D:2      | HP: 10/34 [poisoned by an adder]
  1067 | D:2      | HP: 8/34 [adder (2)]
  1069 | D:2      | HP: 1/34 [adder (4)]
  1071 | D:2      | Succumbed to an adder's poison

Vault maps used:
D:1:      dpeg_arrival_boxorama
D:2:      good_gods_temple_1, first_bread, uniq_sigmund

Skill      XL: |  1  2  3  4 |
---------------+-------------+-----
Armour         | 3 |  3.0
Fighting       | |  2.6
Maces & Flails | |  3.5
Bows           | |  1.0
Throwing       | |  1.0
Shields        | |  1.0

Action                   |  1- 3 |  4- 6 || total
-------------------------+-------+-------++-------
Melee: Mace              |    64 |       ||    64
       Flail             |    13 |    34 ||    47
  Eat: Chunk             |       |     1 ||     1
Armor: Ring mail         |    35 |    37 ||    72
Dodge: Dodged            |    48 |    29 ||    77

Table legend:
 A = Turns spent in this place as a percentage of turns spent in the entire game.
 B = Non-inter-level travel turns spent in this place as a percentage of non-inter-level travel turns spent in the entire game.
 C = Inter-level travel turns spent in this place as a percentage of turns spent in this place.
 D = Turns resting spent in this place as a percentage of non-inter-level travel turns spent in this place.
 E = Turns spent auto-exploring this place as a percentage of non-inter-level travel turns spent in this place.
 F = Non-inter-level travel turns spent in this place divided by the number of levels of this place that you've seen.
                   A       B       C       D       E      F
               +-------+-------+-------+-------+-------+----------------------
         Total | 100.0 | 100.0 |   0.7 |   1.0 |  13.2 | 208.0
       Dungeon | 100.0 | 100.0 |   0.7 |   1.0 |  13.2 | 208.0
               +-------+-------+-------+-------+-------+----------------------

Vault maps used:
D:1:      dpeg_arrival_boxorama
D:2:      good_gods_temple_1, first_bread, uniq_sigmund
